 Dungeon Crawl Stone Soup version 0.30-a0-359-gd0147acb1a (webtiles) character file.

Game seed: 7899978435490586610

84 lokiplouj the Covered (level 4, -2/40 HPs)
             Began as an Armataur Fighter on Nov 11, 2022.
             Slain by a lemure (6 damage)
             ... led by Pikel
             ... on level 4 of the Dungeon.
             The game lasted 00:04:47 (2496 turns).

lokiplouj the Covered (Armataur Fighter)            Turns: 2496, Time: 00:04:48

Health: -2/40      AC:  7    Str: 23    XL:     4   Next: 24%
Magic:  4/4        EV:  7    Int:  9    God:
Gold:   214        SH:  4    Dex:  9    Spells: 3/3 levels left

rFire   . . .      SeeInvis +    a - +0 war axe
rCold   . . .      Faith    +    c - +0 buckler
rNeg    . . .      Spirit   .    b - +0 scale mail
rPois   .          Reflect  .    (no helmet)
rElec   .          Harm     .    (no cloak)
rCorr   .          Roll     +    (no gloves)
Will    .....                    (no barding)
Stlth   ..........               k - amulet of faith
HPRegen 0.26/turn                n - ring of see invisible
MPRegen 0.09/turn                (no ring)

@: mighty
A: large, rugged brown scales 3, deformed body, armoured tail, roll, long
tongue, awkward tongue
a: no special abilities


You were on level 4 of the Dungeon.
You visited 1 branch of the dungeon, and saw 4 of its levels.

You collected 214 gold pieces.

Inventory:

Hand Weapons
 a - a +0 war axe (weapon)
Armour
 b - a +0 scale mail (worn)
 c - a +0 buckler (worn)
Jewellery
 k - an amulet of faith (around neck)
 n - a ring of see invisible (left hand)
Scrolls
 g - a scroll of vulnerability {unknown}
 j - 3 scrolls of teleportation
 m - a scroll of amnesia {unknown}
 p - a scroll of torment {unknown}
Potions
 e - 3 potions of curing
 f - a potion of lignification {unknown}
 h - a potion of flight
 i - a potion of berserk rage
 o - a potion of attraction {unknown}
 q - a potion of mutation {unknown}
 r - a potion of degeneration {unknown}


   Skills:
 + Level 3.1 Fighting
 + Level 2.4 Axes
 + Level 4.6 Armour
 + Level 0.6 Dodging
 + Level 3.6 Shields


You had 3 spell levels left.
You didn't know any spells.
Your spell library contained the following spells:

 Spells                   Type           Power      Damage    Failure   Level
 Necrotise                Necr           0%         1d4       77%         1
 Ensorcelled Hibernation  Hex/Ice        0%         N/A       88%         2
 Passwall                 Tmut/Erth      0%         N/A       88%         2
 Gell's Gravitas          Tloc           0%         N/A       98%         3
 Lesser Beckoning         Tloc           0%         N/A       98%         3
 Summon Guardian Golem    Hex/Summ       0%         N/A       98%         3
 Swiftness                Air            0%         N/A       98%         3
 Teleport Other           Tloc           0%         N/A       98%         3
 Vampiric Draining        Necr           0%         2d6       98%         3
 Agony                    Necr           0%         N/A       100%        5
 Orb of Destruction       Conj           0%         9d5       100%        7
 Spellforged Servitor     Conj/Summ      0%         N/A       100%        7


Dungeon Overview and Level Annotations

Branches:
Dungeon (4/15)
 Temple: D:4-7

Altars:
Uskayaw
Wu Jian
Xom
Yredelemnul

Annotations:
D:4 Pikel


Innate Abilities, Weirdness & Mutations

You are completely covered in rugged brown scales. (AC +3, +7% HP)
Armour fits poorly on your strangely shaped body.
You have a long armoured tail.
You roll when moving toward enemies. (Rampage)
Your long tongue fully drains potion bottles. (2x potion effects)
Your tongue gives you trouble enunciating. (1.5x scroll delay)


Message History

* * * LOW HITPOINT WARNING * * *
You slurp down every last drop of the 5 potions of curing!
You feel better.
Pikel hits you with a +1 whip of freezing.
Pikel freezes you.
You slash Pikel! You tail-slap Pikel.
Pikel is severely wounded.
You barely miss the lemure.
Pikel hits you with a +1 whip of freezing.
Pikel freezes you. The lemure hits you.
Pikel hits you with a +1 whip of freezing.
Pikel freezes you. The lemure hits you.
Blink to where?
Press: ? - help, Dir - move target As you slowly read the scroll of blinking, it crumbles to dust.
You slurp down every last drop of the 4 potions of curing!
You feel better.
You don't know any spells.
You see here an adder corpse.
There is an open door here.
Pikel says, "You'll burn in Gehenna!"
Pikel hits you with a +1 whip of freezing!
Pikel freezes you.
Pikel says, "You'll make a fine lemure."
Pikel hits you but does no damage. The lemure hits you but does no damage.
You hit Pikel. You tail-slap Pikel.
Pikel is almost dead.
You barely miss the lemure. Pikel barely misses you.
Pikel hits you with a +1 whip of freezing!
Pikel freezes you. The lemure hits you but does no damage. The lemure hits you.
You closely miss Pikel.
Pikel is almost dead.
You barely miss the lemure. You closely miss the lemure. You slash the lemure!
You block Pikel's attack. The lemure closely misses you. The lemure hits you!
* * * LOW HITPOINT WARNING * * *
The lemure attacks as you move away! The lemure hits you.
* * * LOW HITPOINT WARNING * * *
The lemure attacks as you move away! The lemure hits you but does no damage.
The lemure hits you.
You die...

#.)..'#.#.#+..#...5...5...#.
#...##..#..##.###.##..######
###⌠#.._#_..#⌠..#†###+# ...
############..#.....# ....
#⌠#.._#_..#⌠..#.....# ....
#.##..#..##...'.....#.....
#..'#.#.#'....#######.....
###...#####.K5..............
##......⌠#⌠.@.5.........#
##............55.....†...#
#.........)..............#
#.#.#....................+
#........................#
#.#.#...)................#
#........................#
##..##+##'##.....###+#####
##........#.....#


You could see Pikel and 4 lemures.

Vanquished Creatures
  An orc wizard (D:3)
  An adder (D:4)
  A worm (D:2)
  A dart slug (D:3)
  4 orcs (D:3)
  4 endoplasms
  2 giant cockroaches
  3 goblins
  8 hobgoblins
  3 kobolds
  3 quokkas
  4 ball pythons
  A bat (D:2)
  2 rats
38 creatures vanquished.

Notes
Turn   | Place    | Note
-------+----------+-------------------------------------------
     0 | D:1      | lokiplouj the Armataur Fighter began the quest for the Orb.
     0 | D:1      | Reached XP level 1. HP: 19/19 MP: 1/1
   670 | D:2      | Reached XP level 2. HP: 26/26 MP: 2/2
   940 | D:2      | Reached skill level 4 in Armour
  1121 | D:3      | Reached XP level 3. HP: 31/33 MP: 3/3
  1416 | D:3      | Found a faded altar of an unknown god.
  1735 | D:3      | Reached XP level 4. HP: 31/40 MP: 4/4
  2383 | D:4      | Found a basalt altar of Yredelemnul.
  2383 | D:4      | Found a shimmering altar of Xom.
  2384 | D:4      | Found a hide-covered altar of Uskayaw.
  2394 | D:4      | Found an ornate altar of the Wu Jian Council.
  2461 | D:4      | Noticed a lemure
  2461 | D:4      | Noticed a lemure
  2461 | D:4      | Noticed Pikel
  2462 | D:4      | Noticed a lemure
  2463 | D:4      | Noticed a lemure
  2496 | D:4      | Slain by a lemure

Illustrated notes

Levels and vault maps discovered:
D:1:      lemuel_arrival_broad_hall, layout_loops_ring, minmay_misc_feat_rugged
D:2:      layout_basic, nrook_mini_backslash
D:3:      layout_loops_corners, ebering_ecumenical_altar_hall
D:4:      layout_gridville, lemuel_coloured_pillars_altar,
          nemelex_diamond_rough_becter, nicolae_overflow_quartered_altars,
          serial_glass, glass_columns_a, glass_columns_c, nicolae_titane,
          uniq_pikel

Skill      XL: |  1  2  3 |
---------------+----------+-----
Fighting       | 3 |  3.1
Armour         | 4 |  4.6
Axes           | 2 |  2.4
Dodging        | |  0.6
Shields        | |  3.6

Action                   |  1- 3 |  4- 6 || total
-------------------------+-------+-------++-------
Melee: War axe           |    80 |    32 ||   112
       Tailslap          |     9 |     3 ||    12
  Use: Scroll            |     1 |     5 ||     6
       Potion            |       |     3 ||     3
Armor: Scale mail        |    36 |    23 ||    59
Dodge: Dodged            |    27 |    16 ||    43
Block: Buckler           |    25 |    12 ||    37

Table legend: (Time is in decaauts)
 A = Elapsed time spent in this place.
 B = Non-inter-level travel time spent in this place.
 C = Inter-level travel time spent in this place.
 D = Time resting spent in this place.
 E = Time spent auto-exploring this place.
 F = Levels seen in this place.
 G = Mean time per level.
                   A        B        C        D        E       F      G
               +--------+--------+--------+--------+--------+-----+--------+
         Total |   2546 |   2174 |    372 |      0 |   1809 |   4 |  636.5 |
       Dungeon |   2546 |   2174 |    372 |      0 |   1809 |   4 |  636.5 |
               +--------+--------+--------+--------+--------+-----+--------+

Top non-repeatable levels by time:
     D:3: 1270 daAuts
     D:1: 671 daAuts
     D:2: 426 daAuts
     D:4: 177 daAuts
